TOP OF THE 1ST |
San Francisco Bandits batting - Pitching for Irvine Gang Green : RHP Germán Pérez
|
Pitching: RHP Germán Pérez
|
|
Batting: RHB Javier Ramírez
|
0-0: Called Strike 0-1: Foul Ball, location: 2F 0-2: Ball 1-2: Fly out, F9 (Flyball, 9)
|
Batting: LHB Anacleto Morillo
|
0-0: Ball 1-0: Called Strike 1-1: Swinging Strike 1-2: Foul Ball, location: 2F 1-2: Strikes out swinging
|
Batting: RHB Owen Carter
|
0-0: Ball 1-0: Ball 2-0: Ball 3-0: Base on Balls
|
Batting: RHB Michael Elliott
|
0-0: Fly out, F5 (Popup, 5L)
|
Top of the 1st over - 0 run(s), 0 hit(s), 0 error(s), 1 left on base; San Francisco 0 - Irvine 0 |
BOTTOM OF THE 1ST |
Irvine Gang Green batting - Pitching for San Francisco Bandits : RHP Kunihiko Daikawa
|
Pitching: RHP Kunihiko Daikawa
|
|
Batting: LHB José Sánchez
|
0-0: Foul Ball, location: 2F 0-1: SINGLE (Groundball, 34S) (infield hit)
|
Batting: RHB José Salazar
|
0-0: Ball 1-0: Called Strike 1-1: Ball 2-1: Ball 3-1: Fly out, F9 (Flyball, 9S)
|
Batting: RHB Buck Jones
|
0-0: Fielders Choice at 2nd, 4-6 (Groundball, 4)
|
Batting: LHB Víctor Quiñones
|
0-0: Ball 1-0: Ball 2-0: Foul Ball, location: 2F 2-1: Foul Ball, location: 2F 2-2: Foul Ball, location: 2F 2-2: Foul Ball, location: 2F 2-2: Foul Ball, location: 2F 2-2: Fly out, F5 (Popup, 5D)
|
Bottom of the 1st over - 0 run(s), 1 hit(s), 0 error(s), 1 left on base; San Francisco 0 - Irvine 0 |
TOP OF THE 2ND |
San Francisco Bandits batting - Pitching for Irvine Gang Green : RHP Germán Pérez
|
Batting: RHB Scott Merritt
|
0-0: Ball 1-0: Fly out, F7 (Flyball, 78D)
|
Batting: RHB Dale Taylor
|
0-0: Ball 1-0: Ball 2-0: Called Strike 2-1: Swinging Strike 2-2: Strikes out swinging
|
Batting: LHB Mel Jones
|
0-0: Ball 1-0: Ball 2-0: DOUBLE (Flyball, 9LM)
|
Batting: RHB José Hernández
|
0-0: Fly out, F9 (Flyball, 89S)
|
Top of the 2nd over - 0 run(s), 1 hit(s), 0 error(s), 1 left on base; San Francisco 0 - Irvine 0 |
BOTTOM OF THE 2ND |
Irvine Gang Green batting - Pitching for San Francisco Bandits : RHP Kunihiko Daikawa
|
Batting: LHB Frank Geddes
|
0-0: Ball 1-0: Foul Ball, location: 2F 1-1: Foul Ball, location: 2F 1-2: Ball 2-2: Ground out 3-1 (Groundball, 34)
|
Batting: RHB Tom Doherty
|
0-0: Ball 1-0: Fly out, F6 (Line Drive, 6)
|
Batting: RHB Tyler Wagner
|
0-0: Called Strike 0-1: Foul Ball, location: 2F 0-2: Ball 1-2: Ball 2-2: Strikes out swinging
|
Bottom of the 2nd over - 0 run(s), 0 hit(s), 0 error(s), 0 left on base; San Francisco 0 - Irvine 0 |
TOP OF THE 3RD |
San Francisco Bandits batting - Pitching for Irvine Gang Green : RHP Germán Pérez
|
Batting: RHB Ramón Ruíz
|
0-0: Ball 1-0: Ball 2-0: Foul Ball, location: 2F 2-1: Called Strike 2-2: Foul Ball, location: 2F 2-2: Strikes out swinging
|
Batting: RHB Javier Ramírez
|
0-0: Called Strike 0-1: Foul Ball, location: 2F 0-2: Ball 1-2: Ball 2-2: SINGLE (Line Drive, 6D)
|
Batting: LHB Anacleto Morillo
|
0-0: Ball Javier Ramírez is caught stealing 2nd base 1-0: Ball 2-0: Ball 3-0: Fly out, F7 (Line Drive, 7D)
|
Top of the 3rd over - 0 run(s), 1 hit(s), 0 error(s), 0 left on base; San Francisco 0 - Irvine 0 |
BOTTOM OF THE 3RD |
Irvine Gang Green batting - Pitching for San Francisco Bandits : RHP Kunihiko Daikawa
|
Batting: LHB Tony Tavárez
|
0-0: Swinging Strike 0-1: Ground out 6-3 (Groundball, 56)
|
Batting: RHB Aaron Wilson
|
0-0: Ball 1-0: Ball 2-0: Fly out, F7 (Line Drive, 7S)
|
Batting: LHB José Sánchez
|
0-0: SINGLE (Groundball, 4MD)
|
Batting: RHB José Salazar
|
0-0: Ball Throwing error on steal attempt, E2 José Sánchez to third 1-0: DOUBLE (Line Drive, 78D) José Sánchez scores
|
Batting: RHB Buck Jones
|
0-0: Foul Ball, location: 2F 0-1: Ball 1-1: Ball 2-1: Ball 3-1: Fly out, F6 (Line Drive, 56)
|
Bottom of the 3rd over - 1 run(s), 2 hit(s), 1 error(s), 1 left on base; San Francisco 0 - Irvine 1 |
TOP OF THE 4TH |
San Francisco Bandits batting - Pitching for Irvine Gang Green : RHP Germán Pérez
|
Batting: RHB Owen Carter
|
0-0: Ball 1-0: Called Strike 1-1: Fly out, F3 (Popup, 3S)
|
Batting: RHB Michael Elliott
|
0-0: Ball 1-0: Called Strike 1-1: Called Strike 1-2: Ball 2-2: Ball 3-2: Foul Ball, location: 2F 3-2: Fly out, F8 (Flyball, 8LD)
|
Batting: RHB Scott Merritt
|
0-0: Called Strike 0-1: Called Strike 0-2: Ball 1-2: Fly out, F3 (Line Drive, 3)
|
Top of the 4th over - 0 run(s), 0 hit(s), 0 error(s), 0 left on base; San Francisco 0 - Irvine 1 |
BOTTOM OF THE 4TH |
Irvine Gang Green batting - Pitching for San Francisco Bandits : RHP Kunihiko Daikawa
|
Batting: LHB Víctor Quiñones
|
0-0: Ball 1-0: Fly out, F9 (Line Drive, 9D)
|
Batting: LHB Frank Geddes
|
0-0: Called Strike 0-1: Called Strike 0-2: Ball 1-2: Strikes out looking
|
Batting: RHB Tom Doherty
|
0-0: Ball 1-0: Fly out, F7 (Flyball, 78S)
|
Bottom of the 4th over - 0 run(s), 0 hit(s), 0 error(s), 0 left on base; San Francisco 0 - Irvine 1 |
TOP OF THE 5TH |
San Francisco Bandits batting - Pitching for Irvine Gang Green : RHP Germán Pérez
|
Batting: RHB Dale Taylor
|
0-0: Foul Ball, location: 2F 0-1: Called Strike 0-2: Ball 1-2: Ball 2-2: Foul Ball, location: 2F 2-2: Strikes out swinging
|
Batting: LHB Mel Jones
|
0-0: Ball 1-0: Ball 2-0: Called Strike 2-1: Ball 3-1: Base on Balls
|
Batting: RHB José Hernández
|
0-0: Called Strike 0-1: Foul Ball, location: 2F 0-2: Ball 1-2: Foul Ball, location: 2F 1-2: DOUBLE (Line Drive, 5D) Mel Jones to third
|
Batting: RHB Ramón Ruíz
|
0-0: Ball 1-0: Called Strike 1-1: Ball 2-1: Ground out 1-3 (Groundball, 15)
|
Batting: RHB Javier Ramírez
|
0-0: Ground out 4-3 (Groundball, 4)
|
Top of the 5th over - 0 run(s), 1 hit(s), 0 error(s), 2 left on base; San Francisco 0 - Irvine 1 |
BOTTOM OF THE 5TH |
Irvine Gang Green batting - Pitching for San Francisco Bandits : RHP Kunihiko Daikawa
|
Batting: RHB Tyler Wagner
|
0-0: Fly out, F8 (Flyball, 8RS)
|
Batting: LHB Tony Tavárez
|
0-0: Ball 1-0: Foul Ball, location: 2F 1-1: Swinging Strike 1-2: Ball 2-2: Fly out, F8 (Flyball, 8LM)
|
Batting: RHB Aaron Wilson
|
0-0: Ball 1-0: Fly out, F9 (Flyball, 9)
|
Bottom of the 5th over - 0 run(s), 0 hit(s), 0 error(s), 0 left on base; San Francisco 0 - Irvine 1 |
TOP OF THE 6TH |
San Francisco Bandits batting - Pitching for Irvine Gang Green : RHP Germán Pérez
|
Batting: LHB Anacleto Morillo
|
0-0: Called Strike 0-1: Ball 1-1: Ball 2-1: Foul Ball, location: 2F 2-2: Foul Ball, location: 2F 2-2: Foul Ball, location: 2F 2-2: Ball 3-2: Fly out, F4 (Popup, 34D)
|
Batting: RHB Owen Carter
|
0-0: Ball 1-0: Ball 2-0: Ball 3-0: Called Strike 3-1: Called Strike 3-2: Base on Balls
|
Batting: RHB Michael Elliott
|
0-0: Ball 1-0: Ball 2-0: Ball 3-0: Base on Balls Owen Carter to second
|
Batting: RHB Scott Merritt
|
0-0: Fielders Choice at 3rd, U5 (Groundball, 5L) Michael Elliott to second
|
Batting: RHB Dale Taylor
|
0-0: Called Strike 0-1: Ball 1-1: Ball 2-1: Fly out, F6 (Line Drive, 6)
|
Top of the 6th over - 0 run(s), 0 hit(s), 0 error(s), 2 left on base; San Francisco 0 - Irvine 1 |
BOTTOM OF THE 6TH |
Irvine Gang Green batting - Pitching for San Francisco Bandits : RHP Kunihiko Daikawa
|
Batting: LHB José Sánchez
|
0-0: Fly out, F1 (Line Drive, 13)
|
Batting: RHB José Salazar
|
0-0: Called Strike 0-1: Ball 1-1: Foul Ball, location: 2F 1-2: Ground out 1-3 (Groundball, 13S)
|
Batting: RHB Buck Jones
|
0-0: Ground out 5-3 (Groundball, 56)
|
Bottom of the 6th over - 0 run(s), 0 hit(s), 0 error(s), 0 left on base; San Francisco 0 - Irvine 1 |
TOP OF THE 7TH |
San Francisco Bandits batting - Pitching for Irvine Gang Green : RHP Germán Pérez
|
Batting: LHB Mel Jones
|
0-0: Swinging Strike 0-1: Ball 1-1: SOLO HOME RUN (Flyball, 78XD), Distance : 439 ft
|
Pitching: RHP Raúl Saltines
|
|
Pinch Hitting: LHB Alan McGilroy
|
0-0: Foul Ball, location: 2F 0-1: Called Strike 0-2: Ball 1-2: Strikes out swinging
|
Pinch Hitting: RHB Cory Foster
|
0-0: Called Strike 0-1: Foul Ball, location: 2F 0-2: Strikes out swinging
|
Batting: RHB Javier Ramírez
|
0-0: Ball 1-0: Foul Ball, location: 2F 1-1: Swinging Strike 1-2: Strikes out looking
|
Top of the 7th over - 1 run(s), 1 hit(s), 0 error(s), 0 left on base; San Francisco 1 - Irvine 1 |
BOTTOM OF THE 7TH |
Irvine Gang Green batting - Pitching for San Francisco Bandits : RHP Kunihiko Daikawa
|
Now at 1B: Alan McGilroy
|
|
Now at 2B: Jaime Spiridon
|
|
Batting: LHB Víctor Quiñones
|
0-0: Ball 1-0: Ground out 5-3 (Groundball, 6S)
|
Batting: LHB Frank Geddes
|
0-0: Swinging Strike 0-1: Ball 1-1: Foul Ball, location: 2F 1-2: Strikes out swinging
|
Batting: RHB Tom Doherty
|
0-0: Reached on error, E6 (Groundball, 56)
|
Pinch Hitting: LHB Leonardo Medina
|
0-0: Ball 1-0: Ball 2-0: Ball 3-0: Swinging Strike 3-1: Base on Balls
|
Pinch Hitting: LHB Tom Baker
|
0-0: Ball 1-0: Foul Ball, location: 2F 1-1: Foul Ball, location: 2F 1-2: Ball 2-2: Strikes out swinging
|
Bottom of the 7th over - 0 run(s), 0 hit(s), 1 error(s), 2 left on base; San Francisco 1 - Irvine 1 |
TOP OF THE 8TH |
San Francisco Bandits batting - Pitching for Irvine Gang Green : RHP Raúl Saltines
|
Now in LF: Leonardo Medina
|
|
Now in CF: Tom Baker
|
|
Batting: LHB Anacleto Morillo
|
0-0: Ball 1-0: Called Strike 1-1: Ball 2-1: Foul Ball, location: 2F 2-2: Ball 3-2: Foul Ball, location: 2F 3-2: Fly out, F9 (Flyball, 89D)
|
Batting: RHB Owen Carter
|
0-0: Foul Ball, location: 2F 0-1: Ball 1-1: Ball 2-1: Ball 3-1: SINGLE (Groundball, 4MD)
|
Pinch Hitting: LHB Chris Austin
|
0-0: Ball 1-0: Swinging Strike 1-1: Fly out, F7 (Flyball, 7S)
|
Batting: RHB Scott Merritt
|
0-0: Called Strike 0-1: Foul Ball, location: 2F 0-2: Foul Ball, location: 2F 0-2: Strikes out swinging
|
Top of the 8th over - 0 run(s), 1 hit(s), 0 error(s), 1 left on base; San Francisco 1 - Irvine 1 |
BOTTOM OF THE 8TH |
Irvine Gang Green batting - Pitching for San Francisco Bandits : RHP Kunihiko Daikawa
|
Now in RF: Chris Austin
|
|
Batting: RHB Aaron Wilson
|
0-0: Ball 1-0: Called Strike 1-1: Foul Ball, location: 2F 1-2: Strikes out swinging
|
Batting: LHB José Sánchez
|
0-0: Fly out, F7 (Flyball, 7LM)
|
Batting: RHB José Salazar
|
0-0: Foul Ball, location: 2F 0-1: Foul Ball, location: 2F 0-2: Ball 1-2: Ball 2-2: Ball 3-2: Ground out 5-3 (Groundball, 56)
|
Bottom of the 8th over - 0 run(s), 0 hit(s), 0 error(s), 0 left on base; San Francisco 1 - Irvine 1 |
TOP OF THE 9TH |
San Francisco Bandits batting - Pitching for Irvine Gang Green : RHP Raúl Saltines
|
Pitching: RHP Takehide Ono
|
|
Batting: RHB Dale Taylor
|
0-0: Ball 1-0: Foul Ball, location: 2F 1-1: Swinging Strike 1-2: Fly out, F8 (Flyball, 8LM)
|
Batting: LHB Mel Jones
|
0-0: Ball 1-0: Called Strike 1-1: Ball 2-1: Called Strike 2-2: Strikes out swinging
|
Batting: LHB Alan McGilroy
|
0-0: DOUBLE (Flyball, 8LXD)
|
Batting: RHB Jaime Spiridon
|
0-0: Ball 1-0: Ball 2-0: Ground out 6-3 (Groundball, 6)
|
Top of the 9th over - 0 run(s), 1 hit(s), 0 error(s), 1 left on base; San Francisco 1 - Irvine 1 |
BOTTOM OF THE 9TH |
Irvine Gang Green batting - Pitching for San Francisco Bandits : RHP Kunihiko Daikawa
|
Batting: RHB Buck Jones
|
0-0: Called Strike 0-1: Swinging Strike 0-2: Foul Ball, location: 2F 0-2: Ball 1-2: SINGLE (Groundball, 34D)
|
Pitching: RHP Mal Park
|
|
Batting: LHB Víctor Quiñones
|
0-0: Ball 1-0: Fly out, F4 (Line Drive, 4MD)
|
Batting: LHB Frank Geddes
|
0-0: Ball 1-0: Called Strike Buck Jones steals 2nd base 1-1: Ground out U3 (Groundball, 3) Buck Jones to third
|
Batting: RHB Tom Doherty
|
0-0: Swinging Strike 0-1: Fly out, F5 (Popup, 56S)
|
Bottom of the 9th over - 0 run(s), 1 hit(s), 0 error(s), 1 left on base; San Francisco 1 - Irvine 1 |
TOP OF THE 10TH |
San Francisco Bandits batting - Pitching for Irvine Gang Green : RHP Takehide Ono
|
Batting: RHB Javier Ramírez
|
0-0: Ball 1-0: Ball 2-0: Fly out, F9 (Flyball, 9D)
|
Batting: LHB Anacleto Morillo
|
0-0: Foul Ball, location: 2F 0-1: Called Strike 0-2: Ball 1-2: Ball 2-2: Foul Ball, location: 2F 2-2: Ball 3-2: Foul Ball, location: 2F 3-2: Base on Balls
|
Batting: RHB Owen Carter
|
0-0: Called Strike 0-1: Swinging Strike 0-2: Foul Ball, location: 2F 0-2: Ball 1-2: Strikes out looking
|
Batting: LHB Chris Austin
|
0-0: Called Strike 0-1: Swinging Strike 0-2: Strikes out swinging
|
Top of the 10th over - 0 run(s), 0 hit(s), 0 error(s), 1 left on base; San Francisco 1 - Irvine 1 |
BOTTOM OF THE 10TH |
Irvine Gang Green batting - Pitching for San Francisco Bandits : RHP Mal Park
|
Batting: LHB Leonardo Medina
|
0-0: Ball 1-0: Foul Ball, location: 2F 1-1: Ball 2-1: Ball 3-1: Fly out, F7 (Flyball, 7)
|
Batting: LHB Tom Baker
|
0-0: Fly out, F9 (Line Drive, 9)
|
Batting: RHB Aaron Wilson
|
0-0: Ground out 4-3 (Groundball, 4)
|
Bottom of the 10th over - 0 run(s), 0 hit(s), 0 error(s), 0 left on base; San Francisco 1 - Irvine 1 |
TOP OF THE 11TH |
San Francisco Bandits batting - Pitching for Irvine Gang Green : RHP Takehide Ono
|
Pitching: RHP Mike Fisher
|
|
Batting: RHB Scott Merritt
|
0-0: Ball 1-0: Ground out 6-3 (Groundball, 6M)
|
Batting: RHB Dale Taylor
|
0-0: Ground out 6-3 (Groundball, 6)
|
Batting: LHB Mel Jones
|
0-0: Swinging Strike 0-1: Ball 1-1: Swinging Strike 1-2: Foul Ball, location: 2F 1-2: Foul Ball, location: 2F 1-2: Foul Ball, location: 2F 1-2: Foul Ball, location: 2F 1-2: Ball 2-2: Strikes out looking
|
Top of the 11th over - 0 run(s), 0 hit(s), 0 error(s), 0 left on base; San Francisco 1 - Irvine 1 |
BOTTOM OF THE 11TH |
Irvine Gang Green batting - Pitching for San Francisco Bandits : RHP Mal Park
|
Batting: LHB José Sánchez
|
0-0: SINGLE (Groundball, 4MD)
|
Batting: RHB José Salazar
|
0-0: Ball 1-0: SINGLE (Groundball, 6MD) José Sánchez to second Runner from 2nd tries for 3rd, SAFE, throw made to third
|
Batting: RHB Buck Jones
|
0-0: Ball 1-0: Fly out, F9 (Flyball, 9S)
|
Batting: LHB Víctor Quiñones
|
0-0: Ball 1-0: Ball 2-0: Ball 3-0: Called Strike 3-1: Base on Balls José Salazar to second
|
Batting: LHB Frank Geddes
|
0-0: Foul Ball, location: 2F 0-1: Foul Ball, location: 2F 0-2: Fly out, F7 (Flyball, 7LSF) Runner from 3rd tags up, SCORES, throw made
|
Tuesday, August 8th, 2017 - OOTP Baseball 17.12 Build 75
|
|